NYP
ROME BRAVES @ TRI-CITY DUST DEVILS
04/28/2044
 
TOP OF THE 1ST
Rome Braves batting - Pitching for Tri-City Dust Devils : LHP Juan Lopez
Pitching: LHP Juan Lopez
Batting: LHB J.P. Olson 0-0: Called Strike
0-1: Called Strike
0-2: Foul Ball, location: 2F
0-2: Ball
1-2: Foul Ball, location: 2F
1-2: Ball
2-2: SINGLE (Groundball, 6MD, EV 96.9 MPH)
Batting: RHB Brandon Burrell 0-0: Ball
1-0: Ball
2-0: SINGLE (Groundball, 56D, EV 96.3 MPH)
J.P. Olson to second
Batting: LHB Robby Dann 0-0: Reached on error, E3 (Groundball, 13, EV 93.1 MPH)
J.P. Olson to third
Brandon Burrell to second
Batting: RHB Ike Trout 0-0: Ball
1-0: Foul Ball, location: 2F
1-1: Ball
2-1: Ball
3-1: SINGLE (Groundball, P, EV 83.1 MPH) (infield hit)
J.P. Olson scores
Brandon Burrell to third
Robby Dann to second
Batting: LHB Mike Tenorio 0-0: Foul Ball, location: 2F
0-1: Grounds into double play, 5-4-3 (Groundball, 5S, EV 87.5 MPH)
Brandon Burrell scores
Robby Dann to third
Batting: RHB Badr al Din Ridha 0-0: Ball
1-0: Called Strike
1-1: Ball
2-1: Ball
3-1: Base on Balls
Batting: RHB Alex Velasquez 0-0: Ball
Wild Pitch!
Robby Dann scores
Badr al Din Ridha to second
1-0: Ball
2-0: Swinging Strike
2-1: Foul Ball, location: 2F
2-2: Ball
Passed Ball!
Badr al Din Ridha to third
3-2: SINGLE (Groundball, 4MD, EV 106.9 MPH)
Badr al Din Ridha scores
Batting: LHB Joe Phillips 0-0: Foul Ball, location: 2F
0-1: Called Strike
0-2: Ball
Alex Velasquez is caught stealing 2nd base 2-6
Top of the 1st over - 4 runs, 4 hits, 1 error, 0 left on base; Rome 4 - Tri-City 0
BOTTOM OF THE 1ST
Tri-City Dust Devils batting - Pitching for Rome Braves : RHP Orlando Velazquez
Pitching: RHP Orlando Velazquez
Batting: RHB Wally Cangro 0-0: Ball
1-0: Ball
2-0: Ground out 6-3 (Groundball, 6, EV 95.6 MPH)
Batting: RHB Jaden Scott 0-0: Foul Ball, location: 2F
0-1: Ball
1-1: Foul Ball, location: 2F
1-2: Ball
2-2: Strikes out swinging
Batting: RHB Hector Fernandez 0-0: Ground out 5-3 (Groundball, 56, EV 86.3 MPH)
Bottom of the 1st over - 0 runs, 0 hits, 0 errors, 0 left on base; Rome 4 - Tri-City 0
TOP OF THE 2ND
Rome Braves batting - Pitching for Tri-City Dust Devils : LHP Juan Lopez
Batting: LHB Joe Phillips 0-0: Ball
1-0: Ground out 4-3 (Groundball, 4M, EV 97.5 MPH)
Batting: SHB Juan Aguilar 0-0: Foul Ball, location: 2F
0-1: Swinging Strike
0-2: Ground out 4-3 (Groundball, 4D, EV 86.9 MPH)
Batting: LHB J.P. Olson 0-0: Called Strike
0-1: Ball
1-1: Ball
2-1: Swinging Strike
2-2: Strikes out looking
Top of the 2nd over - 0 runs, 0 hits, 0 errors, 0 left on base; Rome 4 - Tri-City 0
BOTTOM OF THE 2ND
Tri-City Dust Devils batting - Pitching for Rome Braves : RHP Orlando Velazquez
Batting: LHB Frank McConnell 0-0: Ball
1-0: Called Strike
1-1: Fly out, F3 (Popup, 3SF, EV 76.3 MPH)
Batting: RHB Tom Tate 0-0: Foul Ball, location: 2F
0-1: Ball
1-1: Ball
2-1: Ball
3-1: Called Strike
3-2: Foul Ball, location: 2F
3-2: SINGLE (Line Drive, 9S, EV 92.5 MPH)
Batting: LHB Paul Adams 0-0: SINGLE (Groundball, 34D, EV 94.4 MPH)
Tom Tate to second
Batting: LHB Roger Duque 0-0: 3-RUN HOME RUN (Flyball, 9D, EV 96.3 MPH), Distance : 367 ft
Batting: RHB Bryan Pitcher 0-0: DOUBLE (Line Drive, 7LM, EV 108.1 MPH)
Batting: LHB Rogelio Nunez 0-0: Ball
1-0: Foul Ball, location: 2F
1-1: Foul Ball, location: 2F
1-2: Fly out, F7 (Flyball, 78M, EV 90.6 MPH)
Batting: RHB Wally Cangro 0-0: Ball
1-0: Ball
2-0: Called Strike
2-1: Fly out, F4 (Popup, 4D, EV 43.1 MPH)
Bottom of the 2nd over - 3 runs, 4 hits, 0 errors, 1 left on base; Rome 4 - Tri-City 3
TOP OF THE 3RD
Rome Braves batting - Pitching for Tri-City Dust Devils : LHP Juan Lopez
Batting: RHB Brandon Burrell 0-0: Ball
1-0: Ball
2-0: Ball
3-0: Base on Balls
Batting: LHB Robby Dann 0-0: Ball
1-0: Called Strike
1-1: Grounds into double play, 4-6-3 (Groundball, 4, EV 103.1 MPH)
Batting: RHB Ike Trout 0-0: Called Strike
0-1: Called Strike
0-2: Foul Ball, location: 2F
0-2: Fly out, F8 (Flyball, 78S, EV 88.1 MPH)
Top of the 3rd over - 0 runs, 0 hits, 0 errors, 0 left on base; Rome 4 - Tri-City 3
BOTTOM OF THE 3RD
Tri-City Dust Devils batting - Pitching for Rome Braves : RHP Orlando Velazquez
Batting: RHB Jaden Scott 0-0: Called Strike
0-1: Fly out, F8 (Line Drive, 8RD, EV 100.0 MPH)
Batting: RHB Hector Fernandez 0-0: Foul Ball, location: 2F
0-1: Ball
1-1: SINGLE (Groundball, 56D, EV 96.3 MPH)
Batting: LHB Frank McConnell 0-0: Called Strike
0-1: Called Strike
0-2: Fielders Choice at 2nd, 4-6 (Groundball, 4, EV 106.3 MPH)
Batting: RHB Tom Tate 0-0: Ball
1-0: Ball
Frank McConnell steals 2nd base
2-0: Foul Ball, location: 2F
2-1: Ground out 6-3 (Groundball, 6S, EV 75.6 MPH)
Bottom of the 3rd over - 0 runs, 1 hit, 0 errors, 1 left on base; Rome 4 - Tri-City 3
TOP OF THE 4TH
Rome Braves batting - Pitching for Tri-City Dust Devils : LHP Juan Lopez
Batting: LHB Mike Tenorio 0-0: Ball
1-0: Foul Ball, location: 2F
1-1: DOUBLE (Line Drive, 7LM, EV 103.1 MPH)
Batting: RHB Badr al Din Ridha 0-0: Swinging Strike
0-1: Called Strike
0-2: Ground out 6-3 (Groundball, 6, EV 101.3 MPH)
Batting: RHB Alex Velasquez 0-0: Called Strike
0-1: Ball
1-1: Swinging Strike
1-2: Ball
2-2: Foul Ball, location: 2F
2-2: Strikes out swinging
Batting: LHB Joe Phillips 0-0: Called Strike
0-1: Ground out 5-3 (Groundball, 56D, EV 89.4 MPH)
Top of the 4th over - 0 runs, 1 hit, 0 errors, 1 left on base; Rome 4 - Tri-City 3
BOTTOM OF THE 4TH
Tri-City Dust Devils batting - Pitching for Rome Braves : RHP Orlando Velazquez
Batting: LHB Paul Adams 0-0: Ball
1-0: Foul Ball, location: 2F
1-1: Called Strike
1-2: Ball
2-2: Ball
3-2: Foul Ball, location: 2F
3-2: Foul Ball, location: 2F
3-2: Foul Ball, location: 2F
3-2: Foul Ball, location: 2F
3-2: DOUBLE (Flyball, 89XD, EV 97.5 MPH)
Batting: LHB Roger Duque 0-0: Ball
1-0: Foul Ball, location: 2F
1-1: Swinging Strike
1-2: Foul Ball, location: 2F
1-2: Ball
2-2: Ground out U3 (Groundball, 34, EV 102.5 MPH)
Paul Adams to third
Batting: RHB Bryan Pitcher 0-0: Swinging Strike
0-1: Ball
1-1: Called Strike
1-2: Ball
2-2: Ball
3-2: SINGLE (Groundball, 34S, EV 71.3 MPH) (infield hit)
Batting: LHB Rogelio Nunez 0-0: DOUBLE (Line Drive, 89D, EV 106.9 MPH)
Paul Adams scores
Bryan Pitcher to third
Batting: RHB Wally Cangro 0-0: Called Strike
0-1: Ball
1-1: Foul Ball, location: 2F
1-2: Ground out 1-3 (Groundball, 13S, EV 76.9 MPH)
Batting: RHB Jaden Scott 0-0: Foul Ball, location: 2F
0-1: Swinging Strike
0-2: Strikes out swinging
Bottom of the 4th over - 1 run, 3 hits, 0 errors, 2 left on base; Rome 4 - Tri-City 4
TOP OF THE 5TH
Rome Braves batting - Pitching for Tri-City Dust Devils : LHP Juan Lopez
Batting: SHB Juan Aguilar 0-0: Ground out 5-3 (Groundball, 56S, EV 73.1 MPH)
Batting: LHB J.P. Olson 0-0: Ball
1-0: Ball
2-0: Called Strike
2-1: Ball
3-1: Base on Balls
Batting: RHB Brandon Burrell 0-0: Called Strike
0-1: Ball
1-1: Ball
2-1: Called Strike
2-2: Fielders Choice at 2nd, 5-4 (Groundball, 56, EV 83.1 MPH)
Batting: LHB Robby Dann 0-0: Ball
1-0: Foul Ball, location: 2F
1-1: Ball
2-1: Ball
3-1: Base on Balls
Brandon Burrell to second
Batting: RHB Ike Trout 0-0: Foul Ball, location: 2F
0-1: Ball
1-1: Fly out, F9 (Flyball, 89S, EV 93.1 MPH)
Top of the 5th over - 0 runs, 0 hits, 0 errors, 2 left on base; Rome 4 - Tri-City 4
BOTTOM OF THE 5TH
Tri-City Dust Devils batting - Pitching for Rome Braves : RHP Orlando Velazquez
Batting: RHB Hector Fernandez 0-0: Called Strike
0-1: Ball
1-1: Fly out, F8 (Line Drive, 8LD, EV 92.5 MPH)
Batting: LHB Frank McConnell 0-0: Ball
1-0: Called Strike
1-1: Called Strike
1-2: Ball
2-2: Strikes out swinging
Batting: RHB Tom Tate 0-0: Ball
1-0: Reached on error, E3 (Groundball, 3, EV 88.1 MPH)
Batting: LHB Paul Adams 0-0: Called Strike
0-1: Swinging Strike
0-2: Ground out 1-3 (Groundball, 25, EV 66.9 MPH)
Bottom of the 5th over - 0 runs, 0 hits, 1 error, 1 left on base; Rome 4 - Tri-City 4
TOP OF THE 6TH
Rome Braves batting - Pitching for Tri-City Dust Devils : LHP Juan Lopez
Batting: LHB Mike Tenorio 0-0: Ball
1-0: Ball
2-0: Ball
3-0: Base on Balls
Batting: RHB Badr al Din Ridha 0-0: Foul Ball, location: 2F
0-1: Ball
1-1: Ball
2-1: Called Strike
2-2: Ball
3-2: Foul Ball, location: 2F
3-2: Strikes out swinging
Batting: RHB Alex Velasquez 0-0: SINGLE (Line Drive, 34D, EV 101.9 MPH)
Mike Tenorio to second
Batting: LHB Joe Phillips 0-0: Ball
1-0: Ball
2-0: Called Strike
2-1: Swinging Strike
2-2: Fly out, F7 (Flyball, 7S, EV 86.3 MPH)
Batting: SHB Juan Aguilar 0-0: Swinging Strike
0-1: Called Strike
0-2: Strikes out swinging
Top of the 6th over - 0 runs, 1 hit, 0 errors, 2 left on base; Rome 4 - Tri-City 4
BOTTOM OF THE 6TH
Tri-City Dust Devils batting - Pitching for Rome Braves : RHP Orlando Velazquez
Batting: LHB Roger Duque 0-0: Bunted foul
0-1: Ball
1-1: Ball
2-1: Ground out 5-3 (Groundball, 56S, EV 68.1 MPH)
Batting: RHB Bryan Pitcher 0-0: SINGLE (Flyball, 34D, EV 91.9 MPH)
Batting: LHB Rogelio Nunez 0-0: Ball
1-0: Foul Ball, location: 2F
1-1: DOUBLE (Flyball, 8LD, EV 97.5 MPH)
Bryan Pitcher to third
Runner from 3rd tries for Home, SAFE, throw by CF to home
Pitching: RHP Jeremy Hurley
Batting: RHB Wally Cangro 0-0: Swinging Strike
0-1: Foul Ball, location: 2F
0-2: Ground out 3-1 (Groundball, 34, EV 88.8 MPH)
Rogelio Nunez to third
Batting: RHB Jaden Scott 0-0: Called Strike
0-1: 2-RUN HOME RUN (Flyball, 78XD, EV 97.5 MPH), Distance : 403 ft
Batting: RHB Hector Fernandez 0-0: SINGLE (Groundball, 56D, EV 97.5 MPH)
Batting: LHB Frank McConnell 0-0: Ball
Wild Pitch!
Hector Fernandez to second
1-0: Foul Ball, location: 2F
1-1: Ball
2-1: Ball
3-1: Called Strike
3-2: Base on Balls
Batting: RHB Tom Tate 0-0: Called Strike
0-1: Ball
1-1: Ball
2-1: Foul Ball, location: 2F
2-2: Foul Ball, location: 2F
2-2: Foul Ball, location: 2F
2-2: Ground out 4-3 (Groundball, 4S, EV 67.5 MPH)
Bottom of the 6th over - 3 runs, 4 hits, 0 errors, 2 left on base; Rome 4 - Tri-City 7
TOP OF THE 7TH
Rome Braves batting - Pitching for Tri-City Dust Devils : LHP Juan Lopez
Pitching: RHP Eric Busby
Batting: LHB J.P. Olson 0-0: Called Strike
0-1: Ball
1-1: Foul Ball, location: 2F
1-2: Strikes out swinging
Batting: RHB Brandon Burrell 0-0: Ball
1-0: Swinging Strike
1-1: Foul Ball, location: 2F
1-2: Strikes out looking
Batting: LHB Robby Dann 0-0: Called Strike
0-1: Ball
1-1: Foul Ball, location: 2F
1-2: Foul Ball, location: 2F
1-2: Foul Ball, location: 2F
1-2: Foul Ball, location: 2F
1-2: Ball
2-2: Ball
3-2: Foul Ball, location: 2F
3-2: DOUBLE (Groundball, 3L, EV 103.8 MPH)
Batting: RHB Ike Trout 0-0: Foul Ball, location: 2F
0-1: Fly out, F8 (Line Drive, 8RD, EV 88.8 MPH)
Top of the 7th over - 0 runs, 1 hit, 0 errors, 1 left on base; Rome 4 - Tri-City 7
BOTTOM OF THE 7TH
Tri-City Dust Devils batting - Pitching for Rome Braves : RHP Jeremy Hurley
Pitching: RHP Omar Orosco
Batting: LHB Paul Adams 0-0: Fly out, F8 (Flyball, 8LXD, EV 90.0 MPH)
Batting: LHB Roger Duque 0-0: Called Strike
0-1: Ball
1-1: Ball
2-1: Foul Ball, location: 2F
2-2: Ball
3-2: Hit by Pitch
Batting: RHB Bryan Pitcher 0-0: Ball
1-0: Ball
Roger Duque steals 2nd base
2-0: SINGLE (Line Drive, 8LS, EV 104.4 MPH)
Roger Duque to third
Batting: LHB Rogelio Nunez 0-0: Called Strike
0-1: Called Strike
0-2: Ball
1-2: Strikes out swinging
Batting: RHB Wally Cangro 0-0: Ball
1-0: Called Strike
1-1: Foul Ball, location: 2F
1-2: Ball
2-2: Strikes out swinging
Bottom of the 7th over - 0 runs, 1 hit, 0 errors, 2 left on base; Rome 4 - Tri-City 7
TOP OF THE 8TH
Rome Braves batting - Pitching for Tri-City Dust Devils : RHP Eric Busby
Pitching: LHP Kentaro Shimasaki
Batting: LHB Mike Tenorio 0-0: Foul Ball, location: 2F
0-1: Ball
1-1: Ball
2-1: SINGLE (Line Drive, 78S, EV 102.5 MPH)
Pitching: RHP Ching Ge
Pinch Hitting: LHB Jose Chinchilla 0-0: Ball
1-0: Called Strike
1-1: Fly out, F7 (Line Drive, 7, EV 93.1 MPH)
Pinch Hitting: LHB Javier Rubio 0-0: Ball
1-0: Swinging Strike
1-1: Swinging Strike
1-2: Foul Ball, location: 2F
1-2: Foul Ball, location: 2F
1-2: Ball
2-2: Foul Ball, location: 2F
2-2: Foul Ball, location: 2F
2-2: Strikes out swinging
Batting: LHB Joe Phillips 0-0: Foul Ball, location: 2F
0-1: Foul Ball, location: 2F
0-2: Ball
1-2: Strikes out swinging
Top of the 8th over - 0 runs, 1 hit, 0 errors, 1 left on base; Rome 4 - Tri-City 7
BOTTOM OF THE 8TH
Tri-City Dust Devils batting - Pitching for Rome Braves : RHP Omar Orosco
Pitching: RHP Brendan Graham
Now at 2B: Jose Chinchilla
Now at SS: Joe Phillips
Now in LF: J.P. Olson
Now in RF: Javier Rubio
Batting: RHB Jaden Scott 0-0: Called Strike
0-1: Ball
1-1: Swinging Strike
1-2: Foul Ball, location: 2F
1-2: Ball
2-2: Foul Ball, location: 2F
2-2: Strikes out swinging
Batting: RHB Hector Fernandez 0-0: Foul Ball, location: 2F
0-1: Foul Ball, location: 2F
0-2: Foul Ball, location: 2F
0-2: Ball
1-2: Ball
2-2: Ball
3-2: Strikes out looking
Batting: LHB Frank McConnell 0-0: Called Strike
0-1: Swinging Strike
0-2: Ball
1-2: Ball
2-2: Ball
3-2: Foul Ball, location: 2F
3-2: Strikes out swinging
Bottom of the 8th over - 0 runs, 0 hits, 0 errors, 0 left on base; Rome 4 - Tri-City 7
TOP OF THE 9TH
Rome Braves batting - Pitching for Tri-City Dust Devils : RHP Ching Ge
Pitching: RHP Angelo Radford
Now at 3B: Ron Major
Batting: SHB Juan Aguilar 0-0: Ball
1-0: Swinging Strike
1-1: Swinging Strike
1-2: Strikes out swinging
Batting: LHB J.P. Olson 0-0: Ball
1-0: Foul Ball, location: 2F
1-1: Swinging Strike
1-2: Strikes out swinging
Batting: RHB Brandon Burrell 0-0: Ball
1-0: Called Strike
1-1: Ball
2-1: Swinging Strike
2-2: Ball
3-2: Strikes out swinging
Top of the 9th over - 0 runs, 0 hits, 0 errors, 0 left on base; Rome 4 - Tri-City 7
Thursday, March 31st , 2022 - OOTP Baseball 22.12 Build 89